 Dungeon Crawl Stone Soup version 0.31-a0-234-gad7ace16ef (webtiles) character file.

Game seed: 8713577748867965169

45 Nattfarinn the Stinger (level 3, -4/24 HPs)
             Began as a Demonspawn Venom Mage on July 10, 2023.
             Slain by Crazy Yiuf
             ... wielding a +3 quarterstaff of chaos
              (13 damage)
             ... on level 2 of the Dungeon.
             The game lasted 00:02:31 (2025 turns).

Nattfarinn the Stinger (Demonspawn Venom Mage)      Turns: 2025, Time: 00:02:32

Health: -4/24      AC:  2    Str: 11    XL:     3   Next: 42%
Magic:  3/6        EV: 12    Int: 18    God:
Gold:   96         SH:  0    Dex: 13    Spells: 6/7 levels left

rFire   . . .        i - +1 hammer "Mairu" {heavy, rN+ Str+3}
rCold   . . .        (no shield)
rNeg    + . .        a - +0 robe
rPois   .            (no helmet)
rElec   .            (no cloak)
rCorr   .            (no gloves)
SInv    .            (no boots)
Will    .....        (no amulet)
Stlth   ++           (no ring)
HPRegen 0.24/turn    (no ring)
MPRegen 0.10/turn

%: no passive effects
@: lethally poisoned (-4 -> -13)
A: hooves 1, weakness stinger 1
a: no special abilities


You were on level 2 of the Dungeon.
You visited 1 branch of the dungeon, and saw 2 of its levels.

You collected 96 gold pieces.

Inventory:

Hand Weapons
 c - a +0 short sword
 i - the +1 hammer "Mairu" (weapon) {heavy, rN+ Str+3}
   (You found it on level 2 of the Dungeon)

   Str:       It affects your strength (+3).
   rN:        It protects you from negative energy.
Armour
 a - a +0 robe (worn)
Scrolls
 g - a scroll of poison {unknown}
Potions
 b - a potion of magic
 d - a potion of curing {unknown}
 e - 2 potions of lignification {unknown}
 f - a potion of cancellation {unknown}
 h - a potion of invisibility {unknown}


   Skills:
 - Level 1.7 Dodging
 - Level 1.7 Stealth
 + Level 2.6 Spellcasting
 - Level 0.8 Transmutations
 * Level 4.1 Poison Magic


You had 6 spell levels left.
You knew the following spells:

 Your Spells              Type           Power      Damage    Failure   Level
a - Sting                 Tmut/Pois      44%        1d5       6%          1

Your spell library contained the following spells:

 Spells                   Type           Power      Damage    Failure   Level
 Poisonous Vapours        Pois/Air       18%        N/A       11%         2
 Mephitic Cloud           Conj/Pois/Air  7%         N/A       28%         3
 Olgreb's Toxic Radiance  Pois           17%        N/A       30%         4


Dungeon Overview and Level Annotations

Branches:
Dungeon (2/15)

Altars:

Annotations:
D:2 Crazy Yiuf


Innate Abilities, Weirdness & Mutations

You have large cloven feet.
You have a small tail.


Message History

You see here a +0 hammer.
You see here a +0 hammer.
There is a stone staircase leading down here.
Items here: ( )) รท.
Things that are here:
a +0 dagger; a +0 whip; a stone Key pressed, stopping explore.
There is a stone staircase leading down here.
You see here a +0 hammer.
You see here a +0 hammer.
You see here a +0 hammer.
You see here a +0 hammer.
You open the door.
You can't see any susceptible monsters within range! (Use Z to cast anyway.)
The sting hits Crazy Yiuf.
Crazy Yiuf is poisoned.
Crazy Yiuf is lightly wounded.
Crazy Yiuf shouts!
Crazy Yiuf yells, "Fluff dark poople!"
The sting hits Crazy Yiuf.
Crazy Yiuf looks even sicker.
Crazy Yiuf is lightly wounded.
Crazy Yiuf attacks as you move away! Crazy Yiuf barely misses you.
You hit Crazy Yiuf. You kick Crazy Yiuf.
Crazy Yiuf is severely wounded.
Crazy Yiuf misses you.
Crazy Yiuf hits you with a +3 quarterstaff of chaos!
Ouch! That really hurt!
You are lethally poisoned!
You are too injured to fight recklessly!
You are too injured to fight recklessly!
Casting: Sting (safe; 6% risk of failure)
Confirm with . or Enter, or press ? or * to list all spells.
Aiming: Sting (safe; 6% risk of failure)
Press: ? - help, Shift-Dir - straight line, f/p - Crazy Yiuf
Aim: Crazy Yiuf, wielding a +3 quarterstaff of chaos and wearing a +0 cloak (severely wounded, very poisoned, 75% to hit)
The sting hits Crazy Yiuf but does no damage.
Crazy Yiuf looks even sicker.
Crazy Yiuf is severely wounded.
You feel very sick.
Crazy Yiuf hits you with a +3 quarterstaff of chaos!
Ouch! That really hurt!
You die...

##..########).)##
#.#.# #. ##.#
#))))# #.#.# #.
#.# #))))# #.#.#
#. #.# #))P.#
#.#.###. #.#
##)).# #.#.##..
#.# ##.##
#.#.##.. #.#####
##.# #.#.....
#....[# #.##
#.#..... #######
##@# #.#.....
#g## #.#..... #'#
######.####.. ...
#......# ###
#...# ########
#)..# #####


You could see Crazy Yiuf (very poisoned).

Vanquished Creatures
  An adder (D:2)
  2 dart slugs
  4 endoplasms (D:1)
  2 hobgoblins
  2 quokkas
  4 ball pythons
  2 bats
  3 frilled lizards
  4 goblins
  7 kobolds
  2 rats (D:1)
33 creatures vanquished.

Notes
Turn   | Place    | Note
-------+----------+-------------------------------------------
     0 | D:1      | Nattfarinn the Demonspawn Venom Mage began the quest for
                  | the Orb.
     0 | D:1      | Reached XP level 1. HP: 13/13 MP: 3/3
   229 | D:1      | Discovered your monstrous ancestry.
   229 | D:1      | Gained mutation: You have a small tail. [demonic ancestry]
   229 | D:1      | Reached XP level 2. HP: 19/19 MP: 0/5
  1273 | D:2      | Gained mutation: You have large cloven feet. [demonic
                  | ancestry]
  1273 | D:2      | Reached XP level 3. HP: 24/24 MP: 3/6
  1719 | D:2      | Reached skill level 4 in Poison Magic
  1867 | D:2      | Identified the +1 hammer "Mairu" {heavy, rN+ Str+3}
  1870 | D:2      | Found a runed translucent door.
  1871 | D:2      | Noticed Crazy Yiuf
  2025 | D:2      | Slain by Crazy Yiuf

Illustrated notes

Levels and vault maps discovered:
D:1:      dpeg_arrival_round_c, layout_loops_ring, minmay_heptomino_o4
D:2:      layout_loops_ring, uniq_crazy_yiuf_cottage

Skill      XL: |  1  2  3 |
---------------+----------+-----
Poison Magic   | 4 |  4.1
Dodging        | |  1.7
Stealth        | |  1.7
Spellcasting   | |  2.6
Transmutations | |  0.8

Action                     || total
---------------------------++-------
  Melee: Short sword       ||     6
         Tailslap          ||     1
         Mace              ||     1
         Kick              ||     1
   Cast: Sting             ||    64
 Armour: Robe              ||     5
  Dodge: Dodged            ||    19

Table legend: (Time is in decaauts)
 A = Elapsed time spent in this place.
 B = Non-inter-level travel time spent in this place.
 C = Inter-level travel time spent in this place.
 D = Time resting spent in this place.
 E = Time spent auto-exploring this place.
 F = Levels seen in this place.
 G = Mean time per level.
                   A        B        C        D        E       F      G
               +--------+--------+--------+--------+--------+-----+--------+
         Total |   2024 |   1962 |     62 |      0 |   1771 |   2 | 1012.0 |
       Dungeon |   2024 |   1962 |     62 |      0 |   1771 |   2 | 1012.0 |
               +--------+--------+--------+--------+--------+-----+--------+

Top non-repeatable levels by time:
     D:1: 1017 daAuts
     D:2: 1007 daAuts
